 Dungeon Crawl Stone Soup version 0.28-a0-1202-g1e6f1b2279 (webtiles) character file.

Game seed: 3665387368838148497

85 PlayingRandomsOnly the Sneak (level 4, -1/21 HPs)
             Began as a Vine Stalker Necromancer on Dec 20, 2021.
             Was an Initiate of Ru.
             Slain by a scorpion (8 damage)
             ... on level 2 of the Dungeon.
             The game lasted 00:18:51 (2681 turns).

PlayingRandomsOnly the Sneak (VSNe)                 Turns: 2681, Time: 00:18:51

Health: -1/21      AC:  2    Str: 11    XL:     4   Next: 48%
Magic:  0/8        EV: 12    Int: 17    God:    Ru [......]
Gold:   47         SH:  0    Dex: 14    Spells: 2/7 levels left

rFire   . . .      SeeInvis .   e - +3 spear
rCold   . . .      Faith    .   (no shield)
rNeg    . . .      Spirit   +   a - +0 robe
rPois   .          Reflect  .   (no helmet)
rElec   .          Harm     .   (no cloak)
rCorr   .          Rampage  .   (no gloves)
Will    .....                   (no boots)
Stlth   +++.......              (no amulet)
HPRegen 0.87/turn               (no ring)
MPRegen 0.11/turn               (no ring)

@: lethally poisoned (-1 -> -11)
A: fangs 2, regeneration 1, magic shield, antimagic bite, no potion heal 2
a: Renounce Religion


You were on level 2 of the Dungeon.
You worshipped Ru.
Ru was noncommittal.
You visited 1 branch of the dungeon, and saw 2 of its levels.

You collected 47 gold pieces.

Inventory:

Hand Weapons
 e - a +3 spear (weapon)
 h - a +0 hunting sling
Armour
 a - a +0 robe (worn)
Scrolls
 b - a scroll of brand weapon {unknown}
 c - 2 scrolls of enchant weapon {unknown}
 f - a scroll of fear {unknown}
 g - a scroll of teleportation {unknown}
 k - a scroll of enchant armour {unknown}
Potions
 d - a potion of resistance {unknown}
 i - a potion of mutation {unknown}
 j - a potion of curing {unknown}
 l - a potion of flight {unknown}


   Skills:
 - Level 1.6 Dodging
 * Level 5.0 Stealth
 - Level 2.3 Spellcasting
 + Level 4.6 Necromancy


You had 2 spell levels left.
You knew the following spells:

 Your Spells              Type           Power      Damage    Failure   Level
a - Pain                  Necr           68%        1d7       2%          1
b - Animate Skeleton      Necr           34%        N/A       2%          1
c - Vampiric Draining     Necr           17%        2d7       9%          3

Your spell library contained the following spells:

 Spells                   Type           Power      Damage    Failure   Level
 Sublimation of Blood     Necr           17%        N/A       4%          2
 Animate Dead             Necr           8%         N/A       28%         4
 Agony                    Necr           17%        N/A       61%         5
 Petrify                  Tmut/Erth      1%         N/A       88%         4
 Irradiate                Conj/Tmut      0%         3d13      99%         5


Dungeon Overview and Level Annotations

Branches:
Dungeon (2/15)

Altars:
Dithmenos
Ru

Annotations:
D:2 exclusion: scorpion


Innate Abilities, Weirdness & Mutations

You have extremely sharp teeth.
Your natural rate of healing is unusually fast.
When hurt, damage is shared between your health and your magic reserves.
Your bite disrupts and absorbs the magic of your enemies.
Potions cannot restore your health.


Message History

Press: ? - help, Shift-Dir - straight line, f/p - scorpion
Aim: a scorpion (moderately wounded, chance to affect: 76%)
The scorpion writhes in agony.
The scorpion stings you.
Casting: Pain (safe; 2% risk of failure)
Confirm with . or Enter, or press ? or * to list all spells.
Aiming: Pain (safe; 2% risk of failure)
Press: ? - help, Shift-Dir - straight line, f/p - scorpion
Aim: a scorpion (heavily wounded, chance to affect: 76%)
The scorpion writhes in agony.
The scorpion closely misses you.
Casting: Pain (safe; 2% risk of failure)
Confirm with . or Enter, or press ? or * to list all spells.
Aiming: Pain (safe; 2% risk of failure)
Press: ? - help, Shift-Dir - straight line, f/p - scorpion
Aim: a scorpion (almost dead, chance to affect: 76%)
The scorpion barely resists.
The scorpion closely misses you.
Casting: Pain (safe; 2% risk of failure)
Confirm with . or Enter, or press ? or * to list all spells.
Aiming: Pain (safe; 2% risk of failure)
Press: ? - help, Shift-Dir - straight line, f/p - scorpion
Aim: a scorpion (almost dead, chance to affect: 76%)
The scorpion barely resists.
The scorpion barely misses you.
Casting: Pain (safe; 2% risk of failure)
Confirm with . or Enter, or press ? or * to list all spells.
Aiming: Pain (safe; 2% risk of failure)
Press: ? - help, Shift-Dir - straight line, f/p - scorpion
Aim: a scorpion (almost dead, chance to affect: 76%)
The scorpion barely resists.
The scorpion stings you.
You are poisoned.
The scorpion poisons you! The scorpion stings you.
You are lethally poisoned!
The scorpion poisons you!
Press: ? - help, v - describe, . - travel
Here: a scorpion (almost dead)
The floor.
You closely miss the scorpion. You bite the scorpion. You drain its power.
You feel invigorated.
The scorpion is almost dead.
You feel very sick. The scorpion stings you!
You die...

#.....####.....# #.##
#..#.....####### #.###
#..#.###..## ##...##
##.#...##..## #.....#
.#.##...##..# #.......#
.#..#....##.# #....[>.#
.##.##....#.## #.......#
###..##...#..#######.....##
# ##..###....#..@s........
# ##...####.#.####.......#
###......#.# #.......#
####.....# #.....#
#########.# #...##
######.........# ####
#......######### ..######
###


You could see a scorpion.

Vanquished Creatures
  4 adders (D:2)
  5 bats
  5 endoplasms
  A giant cockroach (D:1)
  3 goblins
  7 hobgoblins
  6 jackals
  3 ball pythons
  A frilled lizard (D:2)
  4 kobolds
  4 rats (D:1)
43 creatures vanquished.

Vanquished Creatures (collateral kills)
  A ball python (D:1)
1 creature vanquished.

Grand Total: 44 creatures vanquished

Notes
Turn   | Place    | Note
-------+----------+-------------------------------------------
     0 | D:1      | PlayingRandomsOnly the Vine Stalker Necromancer began the
                  | quest for the Orb.
     0 | D:1      | Reached XP level 1. HP: 9/9 MP: 4/4
     2 | D:1      | Learned a level 1 spell: Animate Skeleton
   317 | D:1      | Reached XP level 2. HP: 10/13 MP: 3/6
   320 | D:1      | Reached skill level 3 in Stealth
  1497 | D:1      | Reached XP level 3. HP: 10/16 MP: 5/7
  1656 | D:2      | Learned a level 3 spell: Vampiric Draining
  1712 | D:2      | Noticed a scorpion
  1781 | D:2      | Reached skill level 4 in Stealth
  2126 | D:2      | Gained mutation: Your natural rate of healing is unusually
                  | fast. [Vine Stalker growth]
  2126 | D:2      | Reached XP level 4. HP: 11/21 MP: 0/8
  2417 | D:2      | Found a faded altar of an unknown god.
  2425 | D:2      | Prayed at the altar of an unknown god.
  2425 | D:2      | Became a worshipper of Ru the Awakened
  2449 | D:2      | Found a shadowy altar of Dithmenos.
  2649 | D:2      | Reached skill level 5 in Stealth
  2681 | D:2      | Slain by a scorpion

Illustrated notes

Levels and vault maps discovered:
D:1:      lightli_arrival_quake, layout_loops_cross, due_unseen_surprise
D:2:      minmay_evil_eye, layout_rooms, dreamdust_ecumenical_altar_statues,
          basic_altar, grunt_ministairs_13

Skill      XL: |  1  2  3  4 |
---------------+-------------+-----
Stealth        | 3 4 5 |  5.0
Dodging        | |  1.6
Spellcasting   | |  2.3
Necromancy     | |  4.6

Action                   |  1- 3 |  4- 6 || total
-------------------------+-------+-------++-------
Melee: Unarmed           |     5 |       ||     5
       Bite              |     5 |     1 ||     6
       Spear             |    29 |    10 ||    39
       Whip              |     5 |       ||     5
 Cast: Pain              |    42 |    20 ||    62
       Animate Skeleton  |    11 |     3 ||    14
Invok: Reject Sacrifices |       |     1 ||     1
 Stab: Sleeping          |     2 |     2 ||     4
       Distracted        |       |     1 ||     1
Armor: Robe              |    11 |     1 ||    12
Dodge: Dodged            |    26 |     7 ||    33

Table legend: (Time is in decaauts)
 A = Elapsed time spent in this place.
 B = Non-inter-level travel time spent in this place.
 C = Inter-level travel time spent in this place.
 D = Time resting spent in this place.
 E = Time spent auto-exploring this place.
 F = Levels seen in this place.
 G = Mean time per level.
                   A        B        C        D        E       F      G
               +--------+--------+--------+--------+--------+-----+--------+
         Total |   2691 |   2584 |    107 |    921 |    686 |   2 | 1345.5 |
       Dungeon |   2691 |   2584 |    107 |    921 |    686 |   2 | 1345.5 |
               +--------+--------+--------+--------+--------+-----+--------+

Top non-repeatable levels by time:
     D:1: 1943 daAuts
     D:2: 747 daAuts
